 Dungeon Crawl Stone Soup version 0.30-a0-634-g8abc85282e (webtiles) character file.

Game seed: 8240543585347981402

38 Dirtsage the Insei (level 3, -2/23 HPs)
             Began as an Octopode Transmuter on Jan 14, 2023.
             Slain by a goblin
             ... wielding a +0 club
             ... led by Robin
              (6 damage)
             ... on level 2 of the Dungeon.
             The game lasted 00:01:04 (1019 turns).

Dirtsage the Insei (Octopode Transmuter)            Turns: 1019, Time: 00:01:05

Health: -2/23      AC:  1    Str:  9    XL:     3   Next: 43%
Magic:  3/6        EV: 13    Int: 17    God:
Gold:   18         SH:  0    Dex: 12    Spells: 3/6 levels left

rFire   . . .      SeeInvis .      - Unarmed
rCold   . . .      Faith    .    (no shield)
rNeg    . . .      Spirit   .    (helmet restricted)
rPois   .          Reflect  .    (no amulet)
rElec   .          Harm     .    (no ring)
rCorr   .          Rampage  .    (no ring)
Will    .....                    (no ring)
Stlth   ++                       (no ring)
HPRegen 0.23/turn                (no ring)
MPRegen 0.10/turn                (no ring)
                                 (no ring)
                                 (no ring)

@: wereblooded (expiring)
A: almost no armour, amphibious, 8 rings, camouflage 1, gelatinous body 1,
(nimble swimmer 1), tentacles
a: no special abilities


You were on level 2 of the Dungeon.
You visited 1 branch of the dungeon, and saw 2 of its levels.

You collected 18 gold pieces.

Inventory:

Scrolls
 b - 2 scrolls of teleportation {unknown}
 c - 2 scrolls of magic mapping {unknown}
 d - a scroll of enchant weapon {unknown}
 e - a scroll of fear {unknown}
 f - a scroll of identify {unknown}
 i - 3 scrolls of acquirement {unknown}
Potions
 a - 2 potions of lignification
 g - a potion of mutation {unknown}
 h - 2 potions of curing {unknown}
 j - a potion of attraction {unknown}


   Skills:
 - Level 1.0 Fighting
 - Level 2.0 Dodging
 - Level 3.0 Unarmed Combat
 - Level 2.0 Spellcasting
 * Level 3.0 Transmutations
 * Level 2.0 Ice Magic


You had 3 spell levels left.
You knew the following spells:

 Your Spells              Type           Power      Damage    Failure   Level
a - Beastly Appendage     Tmut           22%        N/A       5%          1
b - Wereblood             Tmut           11%        N/A       9%          2

Your spell library contained the following spells:

 Spells                   Type           Power      Damage    Failure   Level
 Spider Form              Tmut/Pois      6%         N/A       30%         3
 Ice Form                 Ice/Tmut       10%        N/A       56%         4


Dungeon Overview and Level Annotations

Branches:
Dungeon (2/15)

Altars:

Annotations:
D:2 Robin


Innate Abilities, Weirdness & Mutations

You cannot wear most types of armour.
You are amphibious.
You can wear up to eight rings at the same time.
Your skin changes colour to match your surroundings (Stealth+).
Your rubbery body absorbs attacks. (AC +1, EV +1)
((You are camouflaged when in or above water. (Stealth+)))
You have tentacles for arms and can constrict up to eight enemies at once.


Message History

You kill the hobgoblin!
You regained 3 hp, and now have 15/23 hp.
You swing at nothing.
Robin throws the goblin at you! The goblin barely misses you.
You take 3 damage, and have 12/23 hp.
You barely miss the goblin. You grab the goblin. You constrict the goblin.
The goblin barely misses you. The goblin hits you with a +0 dagger.
You take 1 damage, and have 11/23 hp.
You miss the goblin. Your grab misses the goblin.
Your tentacle spike misses the goblin.
Your squeeze misses the goblin.
You howl as the wereblood boils in your veins!
You constrict the goblin.
Robin hits you from afar with a +0 spear.
The goblin hits you with a +0 club.
* * * LOW HITPOINT WARNING * * *
The goblin hits you but does no damage.
You take 8 damage, and have 3/23 hp.
MASSIVE DAMAGE!!
You tentacle-slap the goblin.
You feel a bit better.
You kill the goblin!
Your tentacle spike disappears.
You constrict the goblin. Robin throws the goblin at you!
The goblin closely misses you.
Your Ice Magic skill increases to level 2!
You regained 2 hp, and now have 5/23 hp.
You tentacle-slap the goblin.
You feel a bit better.
You kill the goblin!
Robin completely misses you. The goblin misses you.
Your Transmutations skill increases to level 3!
You regained 2 hp, and now have 7/23 hp.
You tentacle-slap the goblin. Your grab misses the goblin.
The goblin is severely wounded.
Your primal bloodlust is almost over.
Robin hits you from afar with a +0 spear.
* * * LOW HITPOINT WARNING * * *
The goblin barely misses you.
You take 3 damage, and have 4/23 hp.
You closely miss the goblin. Your grab misses the goblin.
The goblin is severely wounded.
The goblin hits you with a +0 club.
You die...

#.# #.# #.#
#.# #.# .
#.# ... #.#
.....####.#
....gg)@g.#
##.########


You could see Robin, a hobgoblin (strong) and a goblin (strong).

Vanquished Creatures
  An adder (D:2)
  A worm (D:2)
  A dart slug (D:1)
  2 ball pythons
  An endoplasm (D:1)
  A giant cockroach (D:1)
  6 goblins (D:2)
  3 hobgoblins
  A quokka (D:1)
  A frilled lizard (D:1)
  2 kobolds (D:1)
  2 rats (D:1)
22 creatures vanquished.

Notes
Turn   | Place    | Note
-------+----------+-------------------------------------------
     0 | D:1      | Dirtsage the Octopode Transmuter began the quest for the
                  | Orb.
     0 | D:1      | Reached XP level 1. HP: 13/13 MP: 3/3
   313 | D:1      | Reached skill level 1 in Ice Magic
   313 | D:1      | Reached XP level 2. HP: 16/18 MP: 3/5
   363 | D:1      | Learned a level 2 spell: Wereblood
   999 | D:2      | Noticed Robin
  1008 | D:2      | Reached XP level 3. HP: 15/23 MP: 2/6
  1019 | D:2      | Slain by a goblin

Illustrated notes

Levels and vault maps discovered:
D:1:      kennysheep_arrival_seaside, layout_loops_ring
D:2:      layout_loops_ring, chequers_ecumenical_altar_twisty, uniq_robin

Skill      XL: |  1  2  3 |
---------------+----------+-----
Ice Magic      | 1 2 |  2.0
Transmutations | 3 |  3.0
Fighting       | |  1.0
Dodging        | |  2.0
Unarmed Combat | |  3.0
Spellcasting   | |  2.0

Action                   || total
-------------------------++-------
Melee: Unarmed           ||    49
       Kick              ||     8
       Constrict         ||    13
       Tentacles         ||     6
       Punch             ||     1
 Cast: Beastly Appendage ||     4
       Wereblood         ||     1
 Stab: Sleeping          ||     6
Armor: Skin              ||     3
Dodge: Dodged            ||    22

Table legend: (Time is in decaauts)
 A = Elapsed time spent in this place.
 B = Non-inter-level travel time spent in this place.
 C = Inter-level travel time spent in this place.
 D = Time resting spent in this place.
 E = Time spent auto-exploring this place.
 F = Levels seen in this place.
 G = Mean time per level.
                   A        B        C        D        E       F      G
               +--------+--------+--------+--------+--------+-----+--------+
         Total |   1016 |   1000 |     16 |      0 |    875 |   2 |  508.0 |
       Dungeon |   1016 |   1000 |     16 |      0 |    875 |   2 |  508.0 |
               +--------+--------+--------+--------+--------+-----+--------+

Top non-repeatable levels by time:
     D:1: 864 daAuts
     D:2: 151 daAuts
